 Dungeon Crawl Stone Soup version 0.19.1-1-g22dce08 (webtiles) character file.

5755821 ImaNewbie the Intangible (level 27, 323/323 HPs)
             Began as an Ogre Fighter on Dec 27, 2016.
             Was the Champion of the Shining One.
             Escaped with the Orb
             ... and 10 runes on Dec 31, 2016!
             The game lasted 13:02:35 (148483 turns).

ImaNewbie the Intangible (Ogre Fighter)           Turns: 148483, Time: 13:02:35

Health: 323/323    AC: 43    Str: 34    XL:     27
Magic:  38/40      EV: 24    Int:  5    God:    the Shining One [******]
Gold:   11200      SH: 44    Dex: 21    Spells: 1 memorised, 22 levels left

rFire  + + +     SeeInvis +     k - +16 lance "Wyrmbane" {slay drac, rPois rF+ rC+ AC+3}
rCold  + + +     Gourm    .     W - +7 gold dragon scales
rNeg   + + +     Faith    .     H - +10 large shield of Perfidy {rC++ MR+}
rPois  +         Spirit   .     L - +0 hat {SInv}
rElec  .         Reflect  +     R - +0 cloak of Inevitability {rCorr Str+2 Dex+6}
rCorr  +         Harm     .     (gloves unavailable)
MR     +++++                    (boots unavailable)
Stlth  ..........               X - amulet "Agisyul" {Reflect rC++ SH+5}
                                y - ring "Buwkon" {rN+ MR++ Slay+5}
                                Z - ring "Luyklom" {*Drain rF+ rN+ MR+}

@: glowing
A: unfitting armour, slimy green scales 1, deterioration 1, dopey 1, shaggy fur
2, tough skin 1, MP-powered wands
a: Divine Shield, Cleansing Flame, Summon Divine Warrior, Renounce Religion
0: Orb of Zot
}: 10/15 runes: serpentine, barnacled, slimy, silver, golden, iron, obsidian,
icy, bone, abyssal


You escaped.
You worshipped the Shining One.
The Shining One was exalted by your worship.
You were very full.

You visited 18 branches of the dungeon, and saw 90 of its levels.
You visited the Abyss 8 times.
You visited 2 ziggurats, and saw 25 of their levels (deepest: 13).
You also visited: Ice Cave and Wizlab.

You collected 15345 gold pieces.
You spent 4002 gold pieces at shops.
You donated 143 gold pieces to Zin.

Inventory:

Hand Weapons
 a - a +9 eveningstar of freezing
 b - a +9 sacred scourge of holy wrath
 k - the +16 lance "Wyrmbane" (weapon) {slay drac, rPois rF+ rC+ AC+3}
   (You found it on level 8 of a ziggurat)

   It affects your AC (+3).
   It protects you from fire.
   It protects you from cold.
   It protects you from poison.
 n - the +6 flail "Sierafie" {antimagic, rF+ MR+ Dex+2}
   (You took it off an orc on level 5 of the Dungeon)

   It reduces the magical energy of the wielder, and disrupts the spells and
   magical abilities of those hit.
   Natural abilities and divine invocations are not affected.
   It affects your dexterity (+2).
   It protects you from fire.
   It affects your resistance to hostile enchantments.
 S - the +7 great mace "Firestarter" {inner flame, rF++}
   (Okawaru gifted it to you on level 1 of the Depths)

   It has been specially enchanted to burn those struck by it, causing extra
   injury to most foes and up to half again as much damage against particularly
   susceptible opponents.
   It greatly protects you from fire.
Armour
 x - a +1 hat of magic resistance
 H - the +10 large shield of Perfidy (worn) {rC++ MR+}
   (Okawaru gifted it to you on level 4 of the Vaults)

   It greatly protects you from cold.
   It affects your resistance to hostile enchantments.
 L - a +0 hat of see invisible (worn)
 R - the +0 cloak of Inevitability (worn) {rCorr Str+2 Dex+6}
   (You acquired it on level 7 of the Iron City of Dis)

   It affects your strength (+2).
   It affects your dexterity (+6).
   It protects you from acid and corrosion.
 T - the +3 cloak "Saochesk" {Int+2 SInv}
   (Okawaru gifted it to you on level 4 of the Abyss)

   It affects your intelligence (+2).
   It lets you see invisible.
 W - +7 gold dragon scales (worn)
 Y - the +9 storm dragon scales of Okawaru's Reproof {rElec rC+}
   (Okawaru gifted it to you on level 2 of the Lair of Beasts)

   It protects you from cold.
   It insulates you from electricity.
Rods
 u - a +4 rod of clouds (11/11)
   (You bought it in a shop on level 3 of the Snake Pit)
 F - a +9 rod of inaccuracy (11/11)
   (You took it off a deep elf annihilator on level 3 of the Elven Halls)
 I - a +8 rod of shadows (12/12)
   (You took it off a deep elf archer on level 3 of the Elven Halls)
Jewellery
 v - the amulet "Tezesag" {+Rage rC++ Str+3 Int-4}
   (You took it off a frost giant on level 3 of the Depths)

   [amulet of rage]

   It affects your strength (+3).
   It affects your intelligence (-4).
   It greatly protects you from cold.
   It lets you go berserk.
 y - the ring "Buwkon" (right hand) {rN+ MR++ Slay+5}
   (You took it off an efreet on level 4 of the Abyss)

   [ring of positive energy]

   It affects your accuracy and damage with ranged weapons and melee attacks
   (+5).
   It protects you from negative energy.
   It affects your resistance to hostile enchantments.
 D - the ring "Peska" {Fire rElec rN++ Int+4 Stlth-}
   (You found it on level 3 of a ziggurat)

   [ring of fire]

   It enhances your fire magic.
   It affects your intelligence (+4).
   It protects you from fire.
   It makes you vulnerable to cold.
   It insulates you from electricity.
   It greatly protects you from negative energy.
   It makes you less stealthy.
 K - the ring of Robustness {AC+8}
   (You found it on level 3 of the Tomb of the Ancients)

   [ring of protection]

   It affects your AC (+8).
 U - the ring "Waffol" {rCorr rPois rF+ Str-4 Int+3}
   (You took it off an iron imp on level 7 of the Iron City of Dis)

   [ring of resist corrosion]

   It affects your strength (-4).
   It affects your intelligence (+3).
   It protects you from fire.
   It protects you from poison.
 V - the ring of Teonn {rPois rC+ rN+ EV+2 Int+3}
   (You bought it in a shop on level 2 of the Orcish Mines)

   [ring of evasion]

   It affects your evasion (+2).
   It affects your intelligence (+3).
   It protects you from cold.
   It protects you from poison.
   It protects you from negative energy.
 X - the amulet "Agisyul" (around neck) {Reflect rC++ SH+5}
   (You took it off a deep elf archer on level 3 of the Elven Halls)

   [amulet of reflection]

   It shields you and reflects attacks.
   It greatly protects you from cold.
   It affects your SH (+5).
 Z - the ring "Luyklom" (left hand) {*Drain rF+ rN+ MR+}
   (You found it on level 3 of the Crypt)

   [ring of positive energy]

   It protects you from fire.
   It protects you from negative energy.
   It affects your resistance to hostile enchantments.
   It causes draining when unequipped.
Wands
 g - a wand of heal wounds (8/9)
 p - a wand of heal wounds (5/9)
 s - a wand of digging (2/24)
 N - a wand of teleportation (4/9)
Scrolls
 e - 3 scrolls of magic mapping
 l - 11 scrolls of enchant weapon
 m - 31 scrolls of teleportation
 o - 3 scrolls of brand weapon
 r - 10 scrolls of identify
 w - 13 scrolls of recharging
 A - 3 scrolls of holy word
 B - 34 scrolls of remove curse
 C - 6 scrolls of fear
 M - a scroll of summoning
 P - 10 scrolls of blinking
 Q - 13 scrolls of fog
Potions
 c - 4 potions of cure mutation
 d - 9 potions of might
 f - 29 potions of curing
 h - 3 potions of heal wounds
 i - 8 potions of berserk rage
 q - 5 potions of cancellation
 t - 6 potions of haste
 z - 4 potions of resistance
 E - 5 potions of agility
 J - 7 potions of flight
Comestibles
 j - 33 bread rations
 G - a chunk of flesh


   Skills:
 O Level 27 Fighting
 O Level 27 Maces & Flails
 + Level 19.0 Polearms
 O Level 27 Armour
 O Level 27 Dodging
 O Level 27 Shields
 O Level 27 Invocations
 - Level 22.9 Evocations


You had 22 spell levels left.
You knew the following spells:

 Your Spells              Type           Power        Failure   Level  Hunger
a - Passage of Golubria   Tloc           N/A          100%        4    #####..


Dungeon Overview and Level Annotations

Branches:
Dungeon (15/15)            Temple (1/1) D:7            Lair (6/6) D:9
 Shoals (4/4) Lair:4        Snake (4/4) Lair:3        Slime (5/5) Lair:5
    Orc (2/2) D:12            Elf (3/3) Orc:2        Vaults (5/5) D:13
  Crypt (3/3) Vaults:3       Tomb (3/3) Crypt:3      Depths (5/5) D:15
   Hell (1/1)                 Dis (7/7) Hell            Geh (7/7) Hell
    Coc (7/7) Hell            Tar (7/7) Hell            Zot (5/5) Depths:5

Altars:
Ashenzari
Cheibriados
Dithmenos
Elyvilon
Fedhas
Gozag
Hepliaklqana
Kikubaaqudgha
Makhleb
Nemelex Xobeh
Okawaru
Qazlal
Ru
Sif Muna
Trog
Uskayaw
Vehumet
Xom
Yredelemnul
Zin
The Shining One
Beogh
Jiyva

Shops:
D:8 (   D:13 *   D:15 *   Orc:2 *=}%   Elf:1 }}=   Elf:3 }   Shoals:2 [
Snake:3 }[(   Vaults:3 (   Vaults:4 }   Depths:2 (%(*(   Depths:4 !(==

Portals:
Hell: Depths:1 Depths:2 Depths:3 Depths:4* Depths:5
Abyss: Depths:1 Depths:3 Depths:4 Depths:5
Pandemonium: Depths:3

Annotations:
D:2 potion
Shoals:4 1 exclusion
Snake:2 1 exclusion


Innate Abilities, Weirdness & Mutations

You are too large for most types of armour.
You have tough skin. (AC +1)
You are partially covered in slimy green scales. (AC +2)
Your body sometimes deteriorates upon taking damage.
You are dopey. (Int -2)
You are covered in thick fur. (AC +2)
You expend magic power (3 MP) to strengthen your wands.


Message History

A green death comes into view.
You hit the green death.
The green death convulses.
The green death is lightly wounded.
You thrash the green death!!
The green death convulses!!
The green death is almost dead.
You thrash the green death!!
You kill the green death!
The Shining One accepts your kill.
Okay, then.
Evoke which item? (* to show all) (? for menu, Esc to quit)
Zapping:
p - a wand of heal wounds (6/9)
Press: ? - help, Shift-Dir - straight line, f - you You feel much better.
This wand has 5 charges left.
There is a staircase leading out of the dungeon here.
Wield which item (- for none, * to show all)? (? for menu, Esc to quit)
Your +9 sacred scourge of holy wrath stops glowing.
You feel an overwhelming desire to slay dragons!
k - the +16 lance "Wyrmbane" (weapon)
{slay drac, rPois rF+ rC+ AC+3}
There is a staircase leading out of the dungeon here.
You have escaped!

..........'..###### ######
##........####.>@.######....#####
#........# #....#.........'....
#........####....#.####....#####
##.######)..##....#.# #....#
#......#..#.##....#.# ######
#..##...............#
...##.#####...##.#### ...##.#
###.##.# .#.##.#######.##.#
.#............##.#
.##.#.######..##.# ###.#.#
#..##.# #...# #..##.# ##..#
#.....# #..# ##.#### #..# #.#


There were no monsters in sight!

Vanquished Creatures
  Antaeus (Coc:7)
  Asmodeus (Geh:7)
  the Royal Jelly (Slime:5)
  the Serpent of Hell (Dis:7)
  Dispater (Dis:7)
  4 orbs of fire (Zot:5)
  Mennas (Tomb:1)
  Mara (Vaults:4)
  6 ancient liches
  38 greater mummies
  Sojobo (Vaults:4)
  The ghost of Execuda the Conqueror, a legendary GrBe of Trog (Dis:7)
  Boris (twice) (Vaults:4 Crypt:3)
  Bai Suzhen (Vaults:3)
  22 shard shrikes
  The ghost of lupus83 the Slayer, a veteran GrFi of the Shining One (Slime:4)
  Saint Roka (Orc:1)
  Xtahua (Vaults:4)
  Vashnia (Snake:3)
  8 Killer Klowns
  2 caustic shrikes
  2 curse toes (Zot:5)
  9 golden dragons
  Geryon (Hell)
  2 profane servitors (Abyss:3)
  5 pandemonium lords
  Jory (Vaults:4)
  the Enchantress (Depths:2)
  18 Brimstone Fiends
  32 bone dragons
  5 doom hounds
  4 electric golems
  18 Tzitzimimeh
  7 hellephants
  6 iron giants (Dis:7)
  Jorgrun (Vaults:5)
  23 liches
  15 tentacled monstrosities
  13 Hell Sentinels
  22 Ice Fiends
  7 deep elf blademasters
  11 quicksilver dragons
  26 Orb Guardians
  Asterion (Vaults:1)
  An acid blob (shapeshifter) (Zig:4)
  3 deep elf master archers
  15 titans
  4 eldritch tentacles
  8 death cobs
  Murray (Depths:1)
  24 acid blobs
  10 sphinxes
  Frances (Shoals:2)
  6 Executioners
  46 tentacled starspawn
  19 storm dragons
  Polyphemus (Shoals:2)
  24 shadow dragons
  7 draconian monks
  2 thorn hunters (Abyss:3)
  Kirke (Shoals:2)
  Donald (Vaults:3)
  8 revenants
  25 fire giants
  20 ancient champions
  16 tengu reavers
  Roxanne (D:14)
  Ilsuiw (Shoals:4)
  17 azure jellies
  12 nagarajas
  5 draconian knights
  3 ghost moths
  12 deep elf sorcerers
  5 draconian scorchers
  10 iron dragons
  A daeva (Abyss:3)
  3 draconian shifters
  2 warmongers (Zig:11)
  9 draconian zealots
  26 vault wardens
  4 deep elf elementalists
  37 frost giants
  The ghost of ohados the Sharpshooter, an adept KoBe of Trog (D:15)
  Aizul (Snake:2)
  2 orc warlords
  A curse skull (Crypt:2)
  16 balrugs
  A frost giant (shapeshifter) (Zig:9)
  An emperor scorpion (Depths:1)
  14 cacodemons
  6 ghouls
  An angel (Abyss:1)
  20 ironheart preservers
  4 draconian annihilators
  4 draconian callers
  54 reapers
  A caustic shrike skeleton (Zig:12)
  42 stone giants
  A juggernaut zombie (Crypt:2)
  5 spriggan defenders
  14 green draconians
  6 war gargoyles
  3 elemental wellsprings
  11 vampire knights
  An ophan (Abyss:1)
  A blood saint (Zig:13)
  60 very ugly things
  An entropy weaver (Vaults:5)
  13 bennus
  11 black draconians
  4 lorocyprocas
  2 corrupters (Zig:13)
  18 deep elf annihilators
  5 deep elf demonologists
  12 white draconians
  3 dire elephants
  2 black suns (Zig:11)
  11 red draconians
  11 mottled draconians
  23 purple draconians
  16 yellow draconians
  3 spark wasps
  5 merfolk javelineers (Shoals:4)
  5 eidola
  19 ettins
  9 statues (WizLab)
  19 blizzard demons
  21 mummy priests
  11 death oozes (Slime:5)
  10 deep elf death magi
  16 fire dragons
  11 merfolk impalers
  9 green deaths
  12 quicksilver dragon zombies
  A minotaur (Depths:3)
  14 yaktaur captains
  3 crystal guardians (Crypt:3)
  6 deep elf high priests
  5 kraken zombies
  6 jiangshi
  25 great orbs of eyes
  Harold (Lair:1)
  Fannar (D:11)
  12 rakshasas
  41 vault guards
  The ghost of ImaNewbie the Basher, a novice OgFi of Okawaru (D:8)
  32 ice dragons
  A ghost crab (shapeshifter) (Depths:3)
  8 quicksilver dragon skeletons
  2 hell beasts
  The ghost of Faustar the Grappler, a novice TrMo (D:9)
  7 spriggan air magi
  14 hydras
  3 catoblepae
  9 centaur warriors
  5 ghost crabs
  15 naga warriors
  11 anacondas
  9 merfolk aquamancers
  Erica (D:9)
  A queen ant (shapeshifter) (Depths:2)
  5 merfolk avatars
  3 alligator snapping turtles
  8 death knights
  An alligator (Zig:9)
  A satyr (shapeshifter) (Vaults:5)
  47 hell hogs
  A satyr (Abyss:3)
  79 death scarabs
  12 titan zombies
  11 death yaks
  12 naga sharpshooters
  33 thrashing horrors
  22 ogre magi
  9 deep troll earth magi
  7 spriggan berserkers
  33 dancing weapons
  15 deep troll shamans
  12 sun demons
  16 tengu warriors
  9 vampire magi
  5 orc high priests
  57 hell knights
  8 storm dragon zombies
  A shock serpent (shapeshifter) (Vaults:5)
  5 iron golems
  26 wretched stars
  13 shock serpents
  28 soul eaters
  34 deep elf knights
  23 iron trolls
  The ghost of cuckmaster the Grappler, a novice TrEE of Okawaru (D:7)
  21 shadow wraiths
  2 titan skeletons
  An iron troll (shapeshifter) (Zig:9)
  8 spatial maelstroms
  11 storm dragon skeletons
  2 spriggan druids
  16 sixfirhies
  167 skeletal warriors
  5 unseen horrors
  A salamander mystic (Snake:3)
  13 anaconda zombies
  52 deep trolls
  2 quicksilver dragon simulacra
  3 ghost moth zombies
  10 shadow demons
  11 golden dragon zombies
  6 naga ritualists
  A kraken simulacrum (Shoals:4)
  15 flayed ghosts
  17 sea snakes
  13 glowing orange brains
  2 death drakes
  2 swamp dragons
  2 shambling mangroves
  9 anaconda skeletons
  7 wizards
  25 phantasmal warriors
  10 hill giants
  18 ironbrand convokers
  A lindwurm (Lair:4)
  23 harpies
  The ghost of eXcel the Archer, a novice CeHu (D:5)
  A harpy (shapeshifter) (D:13)
  28 necromancers
  2 orange crystal statues
  4 golden dragon skeletons
  9 iron dragon zombies
  19 deep elf archers
  An orb spider (Abyss:2)
  4 mana vipers (shapeshifter)
  3 wolf spider zombies
  4 shadow dragon skeletons
  14 shadow dragon zombies
  An orb spider (shapeshifter) (Abyss:3)
  60 ugly things
  3 wolf spiders
  91 deep elf magi
  9 orc sorcerers
  10 frost giant zombies
  9 stone giant zombies
  15 orc knights
  6 oklob plants
  A shining eye (shapeshifter) (Depths:3)
  A tengu skeleton (Vaults:3)
  13 fauns
  6 fire giant zombies
  10 salamanders
  13 manticores
  10 elephants
  10 mana vipers
  14 cyclopes
  5 shining eyes
  13 fire giant skeletons
  16 sirens
  9 stone giant skeletons
  5 frost giant skeletons
  29 moths of wrath
  Maurice (D:8)
  An elephant (shapeshifter) (Vaults:5)
  8 iron dragon skeletons
  2 ice statues
  8 apocalypse crabs
  A black mamba (shapeshifter) (Vaults:5)
  9 molten gargoyles
  11 guardian serpents
  19 vault sentinels
  20 worldbinders
  A shock serpent zombie (Dis:6)
  5 water nymphs
  41 rust devils
  20 naga magi
  Psyche (D:8)
  38 black mambas
  An eye of devastation (shapeshifter) (Depths:2)
  3 eyes of devastation
  11 orange demons
  54 smoke demons
  A gargoyle (D:12)
  6 dire elephant skeletons
  7 dire elephant zombies
  7 centaur zombies
  17 spiny frogs
  2 spiny frogs (shapeshifter)
  28 hellions
  2 shock serpent skeletons
  100 large abominations
  3 storm dragon simulacra
  3 emperor scorpion zombies
  3 titan simulacra
  A catoblepas zombie (Dis:6)
  A white draconian zombie (Dis:7)
  A redback zombie (Crypt:2)
  2 torpor snails
  4 rime drakes
  46 tormentors
  3 human zombies
  52 freezing wraiths
  4 kobold demonologists
  9 komodo dragons
  7 efreet
  40 ice devils
  8 tengu conjurers
  3 demonic crawlers
  30 yaktaurs
  5 anaconda simulacra
  34 ancient zymes
  23 red devils
  2 queen bees
  17 hellwings
  2 minotaur zombies
  3 silent spectres
  51 guardian mummies
  A troll (shapeshifter) (Abyss:2)
  A black draconian skeleton (Geh:7)
  7 harpy zombies
  23 merfolk
  A queen bee (shapeshifter) (Vaults:3)
  18 hydra zombies
  3 meliai (Lair:4)
  8 trolls
  A jumping spider (shapeshifter) (Depths:3)
  4 harpy skeletons
  A tyrant leech (Zig:6)
  2 tengu simulacra
  6 wind drakes
  Prince Ribbit (D:7)
  A death drake skeleton (Crypt:1)
  11 hornets
  A minotaur skeleton (Coc:7)
  8 hydra skeletons
  3 meliai (shapeshifter)
  16 polar bears
  7 dream sheep
  12 fire dragon zombies
  11 ice dragon zombies
  Grinder (D:6)
  14 hippogriffs
  A raiju (shapeshifter) (Depths:2)
  A hornet (shapeshifter) (Abyss:3)
  36 two-headed ogres
  28 blink frogs
  2 bog bodies
  An iron dragon simulacrum (Tomb:1)
  8 snapping turtles
  81 raiju
  104 slime creatures
  A hippogriff (shapeshifter) (Depths:5)
  2 black mamba zombies (Abyss:3)
  8 alligator zombies
  A guardian serpent zombie (Crypt:2)
  2 meliai zombies
  6 ettin zombies
  10 ettin skeletons
  175 flying skulls
  30 shadows
  3 redbacks
  19 spriggans
  14 air elementals
  2 redbacks (shapeshifter)
  25 ynoxinuls
  4 alligator skeletons
  46 wraiths
  8 wyverns
  3 vampires
  A wyvern (shapeshifter) (Vaults:2)
  8 ice dragon skeletons
  2 fire dragon skeletons
  63 yaks
  3 tarantellas
  53 water elementals
  A dire elephant simulacrum (Tar:7)
  25 ushabtiu
  33 fire elementals
  A yak (shapeshifter) (Abyss:3)
  A basilisk (shapeshifter) (Vaults:1)
  11 fire bats
  Eustachio (D:6)
  11 basilisks
  23 golden eyes
  2 black mamba skeletons
  4 hogs (D:10)
  2 humans
  8 hungry ghosts
  24 neqoxecs
  3 vampire mosquitoes (D:12)
  A steam dragon (Lair:4)
  A human simulacrum (Vaults:3)
  21 chaos spawn
  A mottled dragon (D:13)
  A torturous demonspawn zombie (Geh:7)
  A soldier ant (D:15)
  8 spatial vortices
  68 nagas
  A naga (shapeshifter) (Vaults:2)
  25 insubstantial wisps
  10 wargs
  16 spiny frog zombies
  7 hydra simulacra
  11 water moccasins
  55 hell hounds
  2 porcupines
  A floating eye (Zig:10)
  31 orc warriors
  A porcupine (shapeshifter) (Vaults:2)
  An alligator simulacrum (Coc:3)
  3 black bears
  A hornet zombie (Crypt:2)
  A sky beast (shapeshifter) (Vaults:4)
  10 snapping turtle zombies
  13 eyes of draining
  64 ogres
  10 phantoms
  20 necrophages
  5 sky beasts
  7 spiny frog skeletons
  5 swamp dragon zombies
  2 ettin simulacra
  A black mamba simulacrum (Hell)
  A tengu (shapeshifter) (Abyss:1)
  16 ice beasts
  12 centaurs
  10 snapping turtle skeletons
  4 boggarts
  5 manticore skeletons
  3 manticore zombies
  A ghost crab zombie (Crypt:1)
  36 wolves
  22 crocodiles
  3 swamp dragon skeletons
  A human skeleton (Vaults:5)
  A crocodile (shapeshifter) (Depths:5)
  100 small abominations
  16 bullfrogs
  3 big kobolds
  An elf zombie (Tomb:3)
  A hippogriff skeleton (Crypt:2)
  5 earth elementals
  A komodo dragon skeleton (Crypt:2)
  An elf skeleton (Tar:1)
  3 spiny frog simulacra
  3 scorpions
  A spriggan zombie (Coc:7)
  A manticore simulacrum (Crypt:1)
  A troll zombie (Tomb:1)
  62 killer bees
  A shapeshifter zombie (Crypt:2)
  2 troll skeletons (Tar:7)
  72 wights
  3 howler monkeys (D:7)
  2 spriggan skeletons
  7 electric eels
  22 crimson imps
  2 bullfrog zombies
  15 quasits
  177 starcursed masses
  A basilisk zombie (Crypt:2)
  42 iron imps
  2 bullfrog skeletons
  3 hounds
  14 jellies
  19 centaur skeletons
  25 orc priests
  3 iguanas
  38 orc wizards
  9 worker ants
  6 hell rats
  An ogre zombie (Hell)
  A big kobold zombie (Crypt:1)
  A mottled dragon skeleton (Crypt:1)
  A naga zombie (Crypt:1)
  2 tengu zombies
  A dwarf skeleton (Crypt:2)
  A hound zombie (D:6)
  A hound skeleton (D:4)
  65 mummies
  Robin (D:3)
  A howler monkey skeleton (D:9)
  13 adders
  14 shadow imps
  35 white imps
  11 ufetubi
  14 oozes (Lair:5)
  An ooze (shapeshifter) (Vaults:5)
  A worm zombie (Crypt:1)
  2 adder skeletons
  4 worms
  2 dart slugs (D:1)
  6 leopard geckos
  100 orcs
  10 bats
  3 giant cockroaches
  12 goblins
  7 hobgoblins
  16 jackals
  18 kobolds
  4 quokkas
  2 ball pythons
  9 frilled lizards
  A hobgoblin skeleton (Crypt:2)
  A kobold skeleton (Geh:1)
  A kobold zombie (Dis:5)
  An orc simulacrum (Abyss:2)
  An orc skeleton (Hell)
  2 orc zombies
  8 rats
  2 crawling corpses (Elf:2)
  2 fungi
  4 lurking horrors
  2 pillars of salt (Geh:4)
  9 plants
  15 starspawn tentacles
  7 tentacles
6412 creatures vanquished.

Vanquished Creatures (collateral kills)
  Ereshkigal (Tar:7)
  A pandemonium lord (Zig:11)
  2 greater mummies
  A caustic shrike (Zig:11)
  2 bone dragons (Tar:7)
  A doom hound (Tar:7)
  3 liches (Tar:7)
  4 Tzitzimimeh
  An Orb Guardian (Zot:5)
  A Hell Sentinel (Dis:7)
  A quicksilver dragon (Zig:8)
  An acid blob (Zig:10)
  An Executioner (Zig:13)
  A sphinx (Zig:8)
  4 shadow dragons (Tar:7)
  A draconian monk (Zig:7)
  3 fire giants (Zig:6)
  A balrug (Zig:11)
  6 reapers (Tar:7)
  A stone giant (Vaults:2)
  A purple draconian (Zot:5)
  A red draconian (Zig:7)
  A deep elf death mage (Vaults:2)
  A death ooze (Zig:10)
  An ettin (Vaults:5)
  A jiangshi (Tar:7)
  A quicksilver dragon skeleton (Tar:7)
  2 death scarabs (Tomb:1)
  A shock serpent (Zig:5)
  A titan skeleton (Tar:7)
  A deep elf knight (Zig:5)
  5 skeletal warriors (Tar:7)
  3 shadow wraiths (Tar:7)
  A golden dragon zombie (Crypt:3)
  3 soul eaters (Tar:7)
  A death drake (Tar:7)
  A large abomination (Zig:13)
  3 hell knights (Crypt:3)
  5 shadow demons (Tar:7)
  A phantasmal warrior (Tar:7)
  2 ugly things (Zig:9)
  An iron dragon zombie (Coc:7)
  2 golden dragon skeletons (Tar:7)
  2 stone giant zombies (Tar:7)
  A guardian serpent (Zig:7)
  A fire giant skeleton (Coc:7)
  An orange demon (Zig:11)
  A spriggan zombie (Zig:12)
  2 rust devils (Dis:7)
  2 black mambas (Zig:5)
  A naga mage (Zig:8)
  A hellion (Tar:7)
  An efreet (Zig:6)
  7 tormentors
  A yaktaur (Vaults:5)
  2 freezing wraiths (Tar:7)
  A guardian mummy (Zig:12)
  An ancient zyme (Abyss:2)
  A hornet (Zig:10)
  5 flying skulls
  4 shadows
  A ynoxinul (Zot:5)
  A hungry ghost (Tar:7)
  A black mamba skeleton (Tar:7)
  2 nagas
  A spiny frog zombie (Tar:7)
  A water moccasin (Zig:12)
  2 hell hounds (Zig:6)
  An ogre (Vaults:3)
  2 eyes of draining
  A phantom (Tar:7)
  2 necrophages (Tar:7)
  An orc warrior (Vaults:3)
  A wolf (Zig:11)
  A crocodile (Zig:12)
  A wight (Tar:7)
  A human skeleton (Tar:7)
  An ogre zombie (Dis:7)
  A mummy (Zig:12)
  4 shadow imps (Tar:7)
  A kobold skeleton (Tar:7)
139 creatures vanquished.

Vanquished Creatures (others)
  A titan (Coc:7)
  4 deep elf master archers
  A sphinx (Depths:3)
  7 eldritch tentacles
  2 fire giants
  A balrug (Geh:7)
  A vault warden (Vaults:2)
  An elemental wellspring (Coc:7)
  A bennu (Tomb:3)
  5 stone giants
  A very ugly thing (Abyss:3)
  3 merfolk javelineers (Shoals:4)
  A kraken zombie (Coc:7)
  A yaktaur captain (Vaults:5)
  An ice dragon (Depths:1)
  A hydra (Zig:9)
  A merfolk aquamancer (Shoals:2)
  5 centaur warriors
  An alligator (Zig:9)
  A satyr (Shoals:2)
  A death knight (Vaults:5)
  4 hell hogs
  31 death scarabs (Tomb:2)
  2 deep troll earth magi (Depths:3)
  4 naga sharpshooters
  A thrashing horror (Abyss:3)
  2 deep elf knights
  A shadow wraith (Abyss:4)
  A storm dragon zombie (Geh:7)
  A sixfirhy (Abyss:4)
  A shambling mangrove (Zig:9)
  A shadow demon (Tar:7)
  2 deep elf archers
  An anaconda skeleton (Geh:7)
  A necromancer (Geh:2)
  3 deep elf magi
  2 ugly things (Abyss:3)
  2 fauns
  2 cyclopes
  A black mamba (Zig:12)
  A frost giant skeleton (Geh:7)
  2 vault sentinels
  2 spiny frogs
  A freezing wraith (Abyss:3)
  A hellwing (Zig:13)
  3 hellions (Geh:7)
  12 yaktaurs
  A two-headed ogre (Vaults:5)
  A tyrant leech (Zig:9)
  An ettin zombie (Tomb:3)
  A blink frog (Zig:11)
  A slime creature (Zig:10)
  9 flying skulls
  A human (Shoals:2)
  A water elemental (Shoals:1)
  A fire bat (Abyss:3)
  A large abomination (Abyss:3)
  3 golden eyes (Abyss:2)
  An insubstantial wisp (Zig:9)
  A spiny frog zombie (Coc:3)
  A naga (Snake:4)
  2 small abominations
  A floating eye (Zig:10)
  An orc warrior (D:13)
  A spiny frog skeleton (Tomb:2)
  An ogre (Depths:4)
  2 necrophages
  5 centaurs
  A snapping turtle skeleton (Tomb:2)
  A crocodile (Zig:12)
  A scorpion (shapeshifter) (Abyss:3)
  A spriggan zombie (Geh:2)
  5 wights
  A crimson imp (Geh:7)
  2 hell rats (Hell)
  An ogre zombie (Geh:3)
  3 mummies (Tomb:2)
  A white imp (Abyss:2)
  2 ball lightnings (Depths:1)
  An orc (D:5)
  A kobold (D:14)
  2 blocks of ice (Zig:13)
  A bush (Abyss:1)
  A demonic plant (Abyss:1)
  13 fungi
  9 lurking horrors
  14 pillars of salt
  33 plants
  102 starspawn tentacles
  30 tentacles
389 creatures vanquished.

Grand Total: 6940 creatures vanquished

Notes
Turn   | Place    | Note
-------+----------+-------------------------------------------
     0 | D:1      | ImaNewbie the Ogre Fighter began the quest for the Orb.
     0 | D:1      | Reached XP level 1. HP: 24/24 MP: 1/1
   140 | D:1      | Reached XP level 2. HP: 26/32 MP: 2/2
   634 | D:2      | Reached XP level 3. HP: 35/39 MP: 3/3
   754 | D:2      | Reached skill level 5 in Maces & Flails
  1023 | D:2      | Found an ancient bone altar of Kikubaaqudgha.
  1088 | D:2      | Found a sparkling altar of Nemelex Xobeh.
  1475 | D:2      | Reached XP level 4. HP: 19/48 MP: 4/4
  1900 | D:3      | Noticed Robin
  1951 | D:3      | Killed Robin
  2758 | D:3      | Reached XP level 5. HP: 44/54 MP: 5/5
  3688 | D:4      | Reached XP level 6. HP: 20/62 MP: 6/6
  4160 | D:5      | Entered Level 5 of the Dungeon
  4263 | D:5      | Noticed eXcel's ghost (novice CeHu)
  4340 | D:5      | HP: 2/62 [eXcel's ghost (10)]
  4980 | D:5      | Noticed a phantom
  5018 | D:5      | Killed a phantom
  5018 | D:5      | Reached XP level 7. HP: 41/70 MP: 7/7
  5433 | D:5      | Reached skill level 10 in Maces & Flails
  6575 | D:5      | Got a transparent flail {antimagic}
  6579 | D:5      | Identified the +6 flail "Sierafie" {antimagic, rF+ MR+ Dex+2} (You took it off an orc on level 5 of the Dungeon)
  6732 | D:5      | Killed eXcel's ghost
  6732 | D:5      | Reached XP level 8. HP: 45/78 MP: 2/8
  7397 | D:6      | Noticed Eustachio
  7418 | D:6      | Killed Eustachio
  7418 | D:6      | Reached skill level 5 in Fighting
  7433 | D:6      | Reached XP level 9. HP: 29/89 MP: 3/9
  8029 | D:6      | Noticed Grinder
  8043 | D:6      | Killed Grinder
  8526 | D:7      | Noticed Prince Ribbit
  8537 | D:7      | Killed Prince Ribbit
  8848 | D:7      | Found a staircase to the Ecumenical Temple.
  8853 | Temple   | Entered the Ecumenical Temple
  8902 | Temple   | Became a worshipper of Warmaster Okawaru
  8971 | D:7      | Reached skill level 10 in Fighting
  9053 | D:7      | Noticed cuckmaster's ghost (novice TrEE)
  9732 | D:7      | Killed cuckmaster's ghost
 10001 | D:7      | Found an opulent altar of Gozag.
 10065 | D:7      | Reached skill level 1 in Invocations
 10081 | D:7      | Reached XP level 10. HP: 98/115 MP: 3/10
 10177 | D:7      | Found a blossoming altar of Fedhas.
 10183 | D:7      | Found a shattered altar of Ashenzari.
 10315 | D:7      | Reached * piety under Okawaru
 10702 | D:8      | Found Zuhe's Weapon Shoppe.
 10795 | D:8      | Noticed ImaNewbie's ghost (novice OgFi)
 10878 | D:8      | Found a stormy altar of Qazlal.
 11065 | D:8      | Noticed Maurice
 11074 | D:8      | Killed ImaNewbie's ghost
 11253 | D:8      | Found a sacrificial altar of Ru.
 11481 | D:8      | Noticed Psyche
 11490 | D:8      | Killed Psyche
 11525 | D:8      | Found a burning altar of Makhleb.
 11526 | D:8      | Found a radiant altar of Vehumet.
 11805 | D:8      | Killed Maurice
 11805 | D:8      | Reached ** piety under Okawaru
 11860 | D:9      | Noticed Faustar's ghost (novice TrMo)
 11906 | D:9      | HP: 4/117 [Faustar's ghost (12)]
 12394 | D:9      | Reached skill level 5 in Shields
 13001 | D:9      | Found a staircase to the Lair.
 13065 | D:9      | Noticed Erica
 13120 | D:10     | Entered Level 10 of the Dungeon
 13140 | D:10     | Noticed a hill giant
 13497 | D:9      | Killed a hill giant
 13497 | D:9      | Reached *** piety under Okawaru
 13497 | D:9      | Reached XP level 11. HP: 73/124 MP: 4/13
 13740 | D:10     | Killed an unseen horror
 14108 | D:10     | Found a shimmering altar of Xom.
 14216 | D:10     | Noticed a hill giant
 14224 | D:10     | Killed a hill giant
 14253 | D:10     | Reached **** piety under Okawaru
 14911 | D:10     | Got a slimy lead ring
 15141 | D:10     | Reached ***** piety under Okawaru
 15416 | D:10     | Reached skill level 5 in Dodging
 15649 | D:9      | Killed Erica
 15649 | D:9      | Received a gift from Okawaru
 15656 | D:9      | Got a wizard robe {god gift}
 15667 | D:9      | Identified the +0 robe of Disguise {rPois Regen+ Dex+4 Stlth-} (Okawaru gifted it to you on level 9 of the Dungeon)
 15686 | D:9      | Identified the ring "Zestamuo" {rElec rPois rN+ Int-3 Dex+3} (You found it on level 10 of the Dungeon)
 15725 | D:9      | Killed Faustar's ghost
 16005 | D:11     | Reached XP level 12. HP: 133/133 MP: 4/14
 16050 | D:11     | Noticed Fannar
 16079 | D:11     | Killed Fannar
 16751 | D:11     | Gained mutation: Your flesh is heat resistant. (rF+) [potion of beneficial mutation]
 16775 | D:12     | Found a staircase to the Orcish Mines.
 16936 | Orc:1    | Entered Level 1 of the Orcish Mines
 16999 | Orc:1    | Noticed an orc high priest
 17046 | Orc:1    | Noticed a sun demon
 17134 | Orc:1    | Killed an orc high priest
 17262 | Orc:1    | Found a roughly hewn altar of Beogh.
 17401 | Orc:1    | Received a gift from Okawaru
 17401 | Orc:1    | Reached skill level 10 in Dodging
 17463 | Orc:1    | Noticed a stone giant
 17486 | Orc:1    | Killed a stone giant
 17748 | Orc:2    | Entered Level 2 of the Orcish Mines
 17756 | Orc:2    | Noticed Saint Roka
 17917 | Orc:2    | Noticed an orc high priest
 17972 | Orc:2    | Noticed an orc high priest
 17974 | Orc:2    | Killed an orc high priest
 17978 | Orc:2    | Noticed an orc warlord
 18071 | Orc:1    | Noticed a soul eater
 18238 | Orc:1    | Noticed a sun demon
 18620 | Orc:1    | Killed an orc warlord
 18620 | Orc:1    | Received a gift from Okawaru
 18620 | Orc:1    | Reached XP level 13. HP: 42/141 MP: 3/15
 19589 | D:12     | Received a gift from Okawaru
 19592 | D:12     | Got a dazzling eveningstar {god gift}
 19593 | D:12     | Identified the +1 eveningstar of Datiniw {freeze, *Drain rElec Str+5} (Okawaru gifted it to you on level 12 of the Dungeon)
 19960 | Lair:1   | Entered Level 1 of the Lair of Beasts
 20282 | Lair:1   | Noticed Harold
 20297 | Lair:1   | Killed Harold
 20911 | Lair:2   | Reached ****** piety under Okawaru
 20963 | Lair:2   | Received a gift from Okawaru
 20966 | Lair:2   | Got steaming storm dragon scales {god gift}
 21127 | Lair:2   | Identified the +9 storm dragon scales of Okawaru's Reproof {rElec rC+} (Okawaru gifted it to you on level 2 of the Lair of Beasts)
 21592 | Lair:2   | Reached skill level 15 in Maces & Flails
 22062 | Lair:3   | Found a staircase to the Snake Pit.
 22709 | Lair:4   | Received a gift from Okawaru
 22751 | Lair:4   | Reached skill level 1 in Armour
 22874 | Lair:4   | Found a staircase to the Shoals.
 23149 | Lair:4   | Received a gift from Okawaru
 23216 | Lair:4   | Reached XP level 14. HP: 118/150 MP: 16/16
 23850 | Lair:4   | Got an ancient robe
 23866 | Lair:4   | Identified the +2 robe "Gudaifoc" {rC+ MR+ Slay-5} (You found it on level 4 of the Lair of Beasts)
 24848 | Lair:5   | Reached skill level 10 in Shields
 24922 | Lair:5   | Found a viscous altar of Jiyva.
 24922 | Lair:5   | Found a staircase to the Slime Pits.
 25176 | Lair:6   | Entered Level 6 of the Lair of Beasts
 25201 | Lair:6   | Received a gift from Okawaru
 25224 | Lair:6   | Reached skill level 5 in Armour
 25237 | Lair:6   | Got a spiked large shield {god gift}
 25248 | Lair:6   | Identified the +3 large shield "Onugg" {*Corrode rElec Int-3 Stlth+} (Okawaru gifted it to you on level 6 of the Lair of Beasts)
 26336 | Lair:6   | Got a warped pewter ring
 26483 | Lair:6   | Reached XP level 15. HP: 163/163 MP: 17/17
 26520 | Lair:6   | Gained mutation: You are frail. (-10% HP) [potion of mutation]
 26521 | Lair:6   | Lost mutation: You are frail. (-10% HP) [potion of cure mutation]
 26521 | Lair:6   | Lost mutation: Your flesh is heat resistant. (rF+) [potion of cure mutation]
 26524 | Lair:6   | Identified the ring of the Rabble {rN++ MR- AC+3 Dex+4} (You found it on level 6 of the Lair of Beasts)
 26815 | Orc:1    | Killed Saint Roka
 26815 | Orc:1    | Received a gift from Okawaru
 27157 | Orc:1    | Gained mutation: Your natural rate of healing is unusually fast. [a neqoxec]
 27457 | Orc:2    | Found a staircase to the Elven Halls.
 27735 | Orc:2    | Found a bloodstained altar of Trog.
 27882 | Orc:2    | Found Quydeitu's Jewellery Boutique.
 27882 | Orc:2    | Found Qihaga's Food Shop.
 27883 | Orc:2    | Found Surokh's Gadget Shop.
 27886 | Orc:2    | Found Zeeji's Assorted Antiques.
 27924 | Orc:2    | Bought the ring of Teonn {rPois rC+ rN+ EV+2 Int+3} for 541 gold pieces
 27938 | Orc:2    | Bought a +4 ring of protection for 504 gold pieces
 28117 | Snake:1  | Entered Level 1 of the Snake Pit
 29133 | Snake:2  | Received a gift from Okawaru
 29654 | Snake:2  | Noticed Aizul
 29708 | Snake:2  | Killed Aizul
 30172 | Snake:3  | Reached XP level 16. HP: 145/172 MP: 6/18
 30219 | Snake:3  | Noticed Vashnia
 30244 | Snake:3  | Killed Vashnia
 30244 | Snake:3  | Received a gift from Okawaru
 30377 | Snake:3  | Found Lusojyam's Armour Emporium.
 30377 | Snake:3  | Found Niamm's Gadget Shoppe.
 30379 | Snake:3  | Found Adepuyhy's Antique Weapon Emporium.
 30382 | Snake:3  | Found Hanaymm's Weapon Shoppe.
 30501 | Snake:3  | Noticed a nagaraja
 30509 | Snake:3  | Killed a nagaraja
 30509 | Snake:3  | Reached skill level 10 in Armour
 30751 | Snake:3  | Received a gift from Okawaru
 31288 | Snake:4  | Entered Level 4 of the Snake Pit
 31519 | Snake:4  | Noticed a nagaraja
 31575 | Snake:4  | Killed a nagaraja
 31912 | Snake:4  | Received a gift from Okawaru
 32282 | Snake:4  | Noticed a nagaraja
 32284 | Snake:4  | Noticed a nagaraja
 32296 | Snake:4  | Killed a nagaraja
 32315 | Snake:4  | Killed a nagaraja
 32406 | Snake:4  | Reached XP level 17. HP: 169/180 MP: 6/19
 32529 | Snake:4  | Received a gift from Okawaru
 32535 | Snake:4  | Got a steaming demon whip {god gift}
 32735 | Snake:3  | Identified the +5 demon whip of Infinity {freeze, +Inv rElec rN+ Str-5} (Okawaru gifted it to you on level 4 of the Snake Pit)
 32901 | Snake:4  | Got a serpentine rune of Zot
 33176 | Snake:3  | Reached skill level 15 in Shields
 33489 | Shoals:1 | Entered Level 1 of the Shoals
 33587 | Shoals:1 | Reached skill level 5 in Invocations
 33671 | Shoals:1 | Received a gift from Okawaru
 33801 | Shoals:1 | Reached skill level 1 in Evocations
 33856 | Shoals:1 | Found a shattered altar of Ashenzari.
 34432 | Shoals:2 | Noticed Polyphemus
 34567 | Shoals:2 | Killed Polyphemus
 34612 | Shoals:2 | Noticed Frances
 34635 | Shoals:2 | Killed Frances
 34818 | Shoals:2 | Noticed Kirke
 34834 | Shoals:2 | Killed Kirke
 34921 | Shoals:2 | Reached skill level 5 in Evocations
 35034 | Shoals:2 | Found Atonn's Armour Boutique.
 35477 | Shoals:2 | Received a gift from Okawaru
 36237 | Shoals:3 | Reached XP level 18. HP: 126/189 MP: 7/23
 36279 | Shoals:3 | Received a gift from Okawaru
 36282 | Shoals:3 | Got a brightly glowing hat {god gift}
 36374 | Shoals:3 | Identified the -2 hat of the New World {rN+} (Okawaru gifted it to you on level 3 of the Shoals)
 37306 | Shoals:4 | Entered Level 4 of the Shoals
 37516 | Shoals:4 | Found a basalt altar of Yredelemnul.
 38252 | Shoals:4 | Reached skill level 10 in Evocations
 38260 | Shoals:4 | Noticed Ilsuiw
 38403 | Shoals:4 | Killed Ilsuiw
 38704 | Shoals:4 | Received a gift from Okawaru
 39398 | Shoals:4 | Found a bloodstained altar of Trog.
 40470 | Shoals:4 | Reached XP level 19. HP: 167/197 MP: 9/28
 40475 | Shoals:4 | Got a barnacled rune of Zot
 40534 | Shoals:4 | Cast into level 4 of the Abyss (a Zot trap)
 40580 | Abyss:4  | Received a gift from Okawaru
 40581 | Abyss:4  | Got a polished cloak {god gift}
 40592 | Abyss:4  | Identified the +3 cloak "Saochesk" {Int+2 SInv} (Okawaru gifted it to you on level 4 of the Abyss)
 40604 | Abyss:4  | Got a scorched pewter ring
 40829 | Abyss:4  | Paralysed by accursed screaming for 1 turns
 41489 | Abyss:4  | Noticed a bone dragon
 41568 | Shoals:4 | Escaped the Abyss
 41684 | Shoals:1 | Identified the ring "Buwkon" {rN+ MR++ Slay+5} (You took it off an efreet on level 4 of the Abyss)
 41911 | D:13     | Found Bonwamos's Demolitions Depot.
 42240 | D:13     | Found a gate to the Vaults.
 42300 | D:13     | Received a gift from Okawaru
 42634 | D:14     | Found a frozen archway.
 42664 | IceCv    | Entered an ice cave
 43839 | D:14     | Noticed Roxanne
 44279 | D:14     | Identified a scroll of acquirement
 44513 | D:15     | Entered Level 15 of the Dungeon
 44637 | D:15     | Noticed ohados's ghost (adept KoBe)
 44662 | D:15     | Killed ohados's ghost
 44719 | D:15     | Found Xics's General Store.
 44833 | D:15     | Found a staircase to the Depths.
 44850 | D:15     | Reached skill level 15 in Evocations
 44910 | D:15     | Received a gift from Okawaru
 45049 | D:15     | Found a white marble altar of Elyvilon.
 45248 | Elf:1    | Entered Level 1 of the Elven Halls
 45299 | Elf:1    | Reached XP level 20. HP: 183/206 MP: 10/31
 46005 | Elf:1    | Found Yposomix's Jewellery Boutique.
 46005 | Elf:1    | Found Bucipt's Gadget Emporium.
 46007 | Elf:1    | Found Biti's Gadget Emporium.
 46247 | Elf:1    | Bought a wand of digging (11/24) for 300 gold pieces
 46529 | Snake:3  | Bought a +4 rod of clouds (11/11) for 2100 gold pieces
 47256 | Elf:2    | Reached skill level 15 in Fighting
 47316 | Elf:2    | Found a runed gate.
 47316 | Elf:2    | Found a runed gate.
 47317 | Elf:2    | Found a runed gate.
 47786 | Elf:2    | Cast into level 3 of the Abyss (flail of distortion)
 48052 | Abyss:3  | Noticed a bone dragon
 48081 | Abyss:3  | Killed a bone dragon
 48337 | Abyss:3  | Noticed a profane servitor
 48354 | Abyss:3  | Killed a profane servitor
 48354 | Abyss:3  | Received a gift from Okawaru
 48468 | Abyss:3  | Got a pitted brass amulet
 48488 | Abyss:3  | Gained mutation: Your magical capacity is low. (-10% MP) [a neqoxec]
 48506 | Elf:2    | Escaped the Abyss
 49044 | Elf:2    | Received a gift from Okawaru
 49277 | Elf:3    | Entered Level 3 of the Elven Halls
 49280 | Elf:3    | Found Monysecw's Gadget Shop.
 49399 | Elf:2    | Reached XP level 21. HP: 52/226 MP: 9/29
 50278 | Elf:3    | Identified a +9 rod of inaccuracy (9/11) (You took it off a deep elf annihilator on level 3 of the Elven Halls)
 50468 | Elf:3    | Received a gift from Okawaru
 50476 | Elf:3    | Got a crude flail {god gift}
 50477 | Elf:3    | Identified the +1 flail of Floods {flame, rPois Int+4} (Okawaru gifted it to you on level 3 of the Elven Halls)
 50592 | Elf:3    | Got a steaming iron amulet
 50666 | Elf:3    | Got a pitted diamond amulet
 50725 | Elf:3    | Identified a +8 rod of shadows (12/12) (You took it off a deep elf archer on level 3 of the Elven Halls)
 50979 | Elf:3    | Got a polished morningstar
 50980 | Elf:3    | Identified the +1 morningstar of World's End {crush, rC+ rN+ Dex+2} (You found it on level 3 of the Elven Halls)
 51050 | Elf:3    | Identified the Catalogue of Dusty Dark Secrets
 51054 | Elf:3    | Identified the Almanac of the Tuna
 51343 | Elf:3    | Received a gift from Okawaru
 51699 | Elf:3    | Found a radiant altar of Vehumet.
 53155 | D:14     | Killed Roxanne
 53327 | Elf:2    | Identified the amulet "Hiz Vuf" {+Blink rN+ Regen+} (You found it on level 3 of the Abyss)
 53473 | Vaults:1 | Entered Level 1 of the Vaults
 53707 | Vaults:1 | Noticed Asterion
 53725 | Vaults:1 | Killed Asterion
 53895 | Vaults:1 | Received a gift from Okawaru
 54120 | Vaults:1 | Got a bone giant club {god gift}
 54127 | Vaults:1 | Identified the +5 giant club of Liugokhle {crush, rElec rPois rN++} (Okawaru gifted it to you on level 1 of the Vaults)
 54984 | Vaults:1 | Reached XP level 22. HP: 245/245 MP: 29/29
 55238 | Vaults:2 | Found a magical portal.
 55247 | WizLab   | Entered Iskenderun's Mystic Tower
 55469 | WizLab   | Received a gift from Okawaru
 55622 | WizLab   | Identified a -1 rod of shadows (13/13) (You found it on level 1 of the Vaults)
 56113 | WizLab   | Identified the Compendium of the Birds
 56136 | WizLab   | Identified Iskenderun's Papyrus of Attacks
 56136 | WizLab   | Identified Iskenderun's Compendium of Conjuration
 56156 | WizLab   | Reached skill level 15 in Dodging
 56384 | Vaults:2 | Received a gift from Okawaru
 57518 | Vaults:2 | Received a gift from Okawaru
 58203 | Elf:2    | Identified the amulet "Mytefon" {Harm *Drain *Slow rF+ rN+} (You took it off a deep elf elementalist on level 3 of the Elven Halls)
 58204 | Elf:2    | Identified the amulet "Agisyul" {Reflect rC++ SH+5} (You took it off a deep elf archer on level 3 of the Elven Halls)
 58800 | Vaults:3 | Received a gift from Okawaru
 58816 | Vaults:3 | Got pitted pearl dragon scales {god gift}
 58827 | Vaults:3 | Identified the +0 pearl dragon scales of the Sky {rPois rF+ rN+ MR++ Dex+2} (Okawaru gifted it to you on level 3 of the Vaults)
 58926 | Vaults:3 | Reached XP level 23. HP: 216/262 MP: 11/30
 59035 | Vaults:3 | Noticed Bai Suzhen
 59056 | Vaults:3 | Killed Bai Suzhen
 59249 | Vaults:3 | Noticed Donald
 59253 | Vaults:3 | Found Zuudwinn's Weapon Shoppe.
 59260 | Vaults:3 | Killed Donald
 59504 | Vaults:3 | Reached skill level 15 in Armour
 59838 | Vaults:3 | Found a staircase to the Crypt.
 59961 | Vaults:3 | Received a gift from Okawaru
 60151 | Vaults:4 | Noticed Mara
 60155 | Vaults:4 | Noticed ImaNewbie's illusion
 60162 | Vaults:4 | Killed Mara
 60196 | Vaults:4 | Found Susho's Gadget Boutique.
 60294 | Vaults:4 | Noticed Xtahua
 60309 | Vaults:4 | Noticed Jory
 60309 | Vaults:4 | Killed Xtahua
 60316 | Vaults:4 | Killed Jory
 60400 | Vaults:4 | Noticed Sojobo
 60428 | Vaults:4 | Killed Sojobo
 60482 | Vaults:4 | Received a gift from Okawaru
 60497 | Vaults:4 | Got a faintly humming large shield {god gift}
 60508 | Vaults:4 | Identified the +10 large shield of Perfidy {rC++ MR+} (Okawaru gifted it to you on level 4 of the Vaults)
 60670 | Vaults:4 | Reached XP level 24. HP: 173/278 MP: 30/30
 61865 | Crypt:1  | Entered Level 1 of the Crypt
 62013 | Crypt:1  | Identified the amulet "Yskuuroq" {Harm *Drain rC- Int+7} (You found it on level 1 of the Crypt)
 62075 | Crypt:1  | Received a gift from Okawaru
 62092 | Crypt:1  | Got a pitted mace {god gift}
 62093 | Crypt:1  | Identified the +3 mace of Generosity {drain, rPois Str+3 Dex-4 Stlth+} (Okawaru gifted it to you on level 1 of the Crypt)
 63250 | Depths:1 | Entered Level 1 of the Depths
 63495 | Depths:1 | Found a one-way gate to the infinite horrors of the Abyss.
 63523 | Depths:1 | Found a gateway to a ziggurat.
 63643 | Depths:1 | Found a gateway to Hell.
 63805 | Depths:1 | Received a gift from Okawaru
 64188 | Depths:1 | Found a large runed door.
 64188 | Depths:1 | Found a large runed door.
 64487 | Depths:1 | Reached XP level 25. HP: 126/295 MP: 10/30
 64788 | Depths:1 | Received a gift from Okawaru
 64813 | Depths:1 | Identified a +4 rod of ignition (11/11) (You took it off a vampire on level 1 of the Depths)
 65327 | Depths:2 | Received a gift from Okawaru
 65451 | Depths:2 | Noticed the Enchantress
 65461 | Depths:2 | Killed the Enchantress
 66284 | Depths:2 | Received a gift from Okawaru
 66330 | Depths:2 | Found Ageluda Vahi's Antique Weapon Shop.
 66476 | Depths:2 | Received a gift from Okawaru
 66554 | Depths:2 | Found Igotarae's Assorted Antiques.
 66585 | Depths:2 | Found Seacrimu's Antique Weapon Boutique.
 66717 | Depths:2 | Found Riuruima's Food Boutique.
 66718 | Depths:2 | Found Dolex's Antique Weapon Shop.
 67126 | Depths:2 | Got faerie dragon scales
 67138 | Depths:2 | Identified the +1 faerie dragon scales {rElec rF- HP+10 Stlth+} (You took it off the Enchantress on level 2 of the Depths)
 68188 | Depths:3 | Reached XP level 26. HP: 305/305 MP: 10/30
 68368 | Depths:3 | Found a runed door.
 69872 | Depths:3 | Received a gift from Okawaru
 69878 | Depths:3 | Got a crystal dire flail {god gift}
 69884 | Depths:3 | Identified the +2 dire flail "Ofatza" {flame, +Fly} (Okawaru gifted it to you on level 3 of the Depths)
 70537 | Depths:3 | Found a one-way gate leading to the halls of Pandemonium.
 71039 | Depths:4 | Found a flickering gateway to a bazaar.
 71058 | Depths:4 | Found Afupp's Weapon Boutique.
 71086 | Depths:4 | Received a gift from Okawaru
 71153 | Depths:4 | Found Firuuwn's Jewellery Boutique.
 71213 | Depths:4 | Received a gift from Okawaru
 71389 | Depths:4 | Found Jiuch's Jewellery Emporium.
 71406 | Depths:4 | Found Xuevvodd's Distillery.
 72482 | Depths:5 | Entered Level 5 of the Depths
 72499 | Depths:5 | Reached XP level 27. HP: 312/312 MP: 30/30
 72919 | Depths:5 | Received a gift from Okawaru
 72988 | Depths:5 | Found a gate to the Realm of Zot.
 73562 | Depths:5 | Received a gift from Okawaru
 74021 | Depths:3 | Got a warped zirconium amulet
 74082 | Depths:3 | Identified the amulet "Tezesag" {+Rage rC++ Str+3 Int-4} (You took it off a frost giant on level 3 of the Depths)
 74334 | Vaults:2 | Upgraded the game from 0.19.1 to 0.19.1-1-g22dce08
 74779 | Hell     | Entered the Vestibule of Hell
 74779 | Hell     | Noticed Geryon
 74789 | Hell     | Noticed Murray
 75182 | Depths:1 | Killed Murray
 75448 | Hell     | Killed Geryon
 75750 | Hell     | Received a gift from Okawaru
 76205 | Hell     | Found a gateway to the Iron City of Dis.
 76244 | Hell     | Found a gateway to the ashen valley of Gehenna.
 76415 | Hell     | Received a gift from Okawaru
 76423 | Hell     | Got a scorched giant spiked club {god gift}
 76430 | Hell     | Identified the +6 giant spiked club of the Battered Gods {speed, *Rage rC++ Dex+6} (Okawaru gifted it to you in the Vestibule of Hell)
 76463 | Hell     | Found a gateway to the decaying netherworld of Tartarus.
 76543 | Hell     | Found a gateway to the freezing wastes of Cocytus.
 76853 | Vaults:5 | Entered Level 5 of the Vaults
 76863 | Vaults:5 | Noticed Boris
 76899 | Vaults:4 | Killed Boris
 77415 | Vaults:5 | Noticed Jorgrun
 77432 | Vaults:5 | Received a gift from Okawaru
 77474 | Vaults:5 | Received a gift from Okawaru
 77775 | Vaults:5 | Received a gift from Okawaru
 77869 | Vaults:5 | Killed Jorgrun
 78157 | Vaults:5 | Received a gift from Okawaru
 79443 | Vaults:5 | Received a gift from Okawaru
 79490 | Vaults:5 | Got a silver rune of Zot
 79491 | Vaults:5 | Identified the Incunabulum of Dark Translocation
 80180 | Coc:1    | Entered Level 1 of Cocytus
 81946 | Coc:5    | Received a gift from Okawaru
 82257 | Coc:5    | Received a gift from Okawaru
 82268 | Coc:5    | Got a shimmering morningstar {god gift}
 82270 | Coc:5    | Identified the +4 morningstar of Deformation {drain, rN+ MP+9} (Okawaru gifted it to you on level 5 of Cocytus)
 82805 | Coc:7    | Entered Level 7 of Cocytus
 82827 | Coc:7    | Received a gift from Okawaru
 84625 | Crypt:3  | Entered Level 3 of the Crypt
 84853 | Crypt:3  | Noticed Boris
 84872 | Crypt:3  | Killed Boris
 85161 | Crypt:3  | Found an ancient bone altar of Kikubaaqudgha.
 85162 | Crypt:3  | Noticed an ancient lich
 85171 | Crypt:3  | Killed an ancient lich
 85185 | Crypt:3  | Found a staircase to the Tomb.
 85220 | Crypt:3  | Got a pitted turquoise ring
 85226 | Crypt:3  | Identified the ring "Luyklom" {*Drain rF+ rN+ MR+} (You found it on level 3 of the Crypt)
 85230 | Crypt:3  | Identified the ring "Tofext" {rElec rN+ Str-4 Dex+4} (You found it on level 3 of the Crypt)
 85317 | Crypt:3  | Received a gift from Okawaru
 86341 | Zot:1    | Entered Level 1 of the Realm of Zot
 86359 | Zot:1    | Received a gift from Okawaru
 86493 | Zot:1    | Noticed an orb of fire
 86870 | Zot:1    | You fall through a shaft!
 87534 | Zot:2    | Received a gift from Okawaru
 88471 | Zot:3    | Received a gift from Okawaru
 89072 | Zot:3    | Received a gift from Okawaru
 90262 | Zot:5    | Entered Level 5 of the Realm of Zot
 90434 | Zot:5    | Noticed an orb of fire
 90435 | Zot:5    | Gained mutation: Armour fits poorly on your strangely shaped body. [an orb of fire]
 90446 | Zot:5    | Gained mutation: Your muscles are strong. (Str +2) [an orb of fire]
 90451 | Zot:5    | Killed an orb of fire
 90463 | Zot:5    | Found a blossoming altar of Fedhas.
 90949 | Depths:4 | Voluntarily entered the Abyss.
 90965 | Abyss:1  | Received a gift from Okawaru
 91007 | Abyss:1  | Paralysed by accursed screaming for 1 turns
 91117 | Depths:4 | Escaped the Abyss
 91350 | Depths:4 | Voluntarily entered the Abyss.
 91357 | Abyss:1  | Noticed an ancient lich
 91364 | Abyss:1  | Killed an ancient lich
 91462 | Abyss:1  | Reached skill level 27 in Dodging
 91505 | Abyss:1  | Paralysed by accursed screaming for 2 turns
 91511 | Abyss:1  | Paralysed by accursed screaming for 2 turns
 91522 | Abyss:1  | Paralysed by accursed screaming for 2 turns
 91637 | Abyss:1  | Received a gift from Okawaru
 91822 | Abyss:1  | Found a corrupted altar of Lugonu.
 91910 | Abyss:1  | Paralysed by accursed screaming for 1 turns
 92204 | Abyss:1  | Paralysed by you for 3 turns
 92321 | Abyss:1  | Gained mutation: You tend to lose your temper in combat. [a neqoxec]
 92835 | Abyss:3  | Found a corrupted altar of Lugonu.
 93009 | Abyss:3  | Received a gift from Okawaru
 93044 | Abyss:3  | Found a hide-covered altar of Uskayaw.
 93869 | Abyss:3  | Reached skill level 27 in Fighting
 93916 | Abyss:3  | Got an abyssal rune of Zot
 94023 | Abyss:3  | Found a corrupted altar of Lugonu.
 94088 | Abyss:3  | Found a corrupted altar of Lugonu.
 94163 | Abyss:3  | Lost mutation: Armour fits poorly on your strangely shaped body. [a neqoxec]
 94165 | Abyss:3  | Lost mutation: Your muscles are strong. (Str +2) [a neqoxec]
 94213 | Abyss:3  | Received a gift from Okawaru
 94243 | Depths:4 | Escaped the Abyss
 94598 | Temple   | Fell from the grace of Okawaru
 94598 | Temple   | Became a worshipper of the Shining One
 95048 | Depths:4 | Voluntarily entered the Abyss.
 95216 | Abyss:1  | Reached * piety under the Shining One
 95362 | Abyss:1  | Reached ** piety under the Shining One
 95409 | Abyss:2  | Found a corrupted altar of Lugonu.
 95638 | Abyss:2  | Reached *** piety under the Shining One
 95969 | Abyss:2  | Reached **** piety under the Shining One
 96327 | Abyss:2  | Reached ***** piety under the Shining One
 96948 | Abyss:2  | Reached ****** piety under the Shining One
 96963 | Abyss:2  | Reached skill level 27 in Armour
 97205 | Abyss:3  | Noticed an ancient lich
 97219 | Abyss:3  | Killed an ancient lich
 97219 | Abyss:3  | Reached skill level 10 in Invocations
 97561 | Abyss:3  | Paralysed by accursed screaming for 2 turns
 97568 | Abyss:3  | Paralysed by accursed screaming for 2 turns
 97599 | Depths:4 | Escaped the Abyss
 98316 | Temple   | Identified a +9 sacred scourge of holy wrath (a +7 vampiric demon whip blessed by the Shining One)
 98316 | Temple   | Received a gift from the Shining One
 99227 | Coc:7    | Gained mutation: Your magical capacity is very low. (-20% MP) [a cacodemon]
 99488 | Coc:7    | Reached skill level 15 in Invocations
100360 | Coc:7    | Was forgiven by Okawaru
100654 | Coc:7    | Noticed Antaeus
100708 | Coc:7    | Killed Antaeus
100710 | Coc:7    | Got a brightly glowing golden ring
100713 | Coc:7    | Identified the ring of Piycvevu {+Blink rC+ Dex+3} (You took it off Antaeus on level 7 of Cocytus)
100756 | Coc:7    | Got an icy rune of Zot
101394 | Tomb:1   | Entered Level 1 of the Tomb of the Ancients
101677 | Tomb:1   | Noticed Mennas
101720 | Tomb:1   | Killed Mennas
101802 | Tomb:1   | Noticed a greater mummy
101824 | Tomb:1   | Noticed a greater mummy
102289 | Crypt:3  | Killed a greater mummy
102334 | Tomb:1   | Killed a greater mummy
102597 | Tomb:1   | Noticed a greater mummy
102613 | Tomb:1   | Killed a greater mummy
103284 | Tomb:1   | Noticed a greater mummy
103347 | Tomb:1   | Killed a greater mummy
103896 | Tomb:1   | Noticed a greater mummy
103910 | Tomb:1   | Killed a greater mummy
104661 | Tar:1    | Entered Level 1 of Tartarus
104772 | Tar:1    | Gained mutation: You often lose your temper in combat. [mutagenic glow]
105964 | Tar:7    | Entered Level 7 of Tartarus
106698 | Tar:7    | Identified the Catalogue of Summoning
106932 | Tar:7    | Got a brightly glowing bone amulet
106934 | Tar:7    | Got a warped glass ring
106936 | Tar:7    | Identified the amulet "Noel" {RegenMP rPois} (You found it on level 7 of Tartarus)
106938 | Tar:7    | Identified the ring "Duupeufo" {Ice *Slow Int+4} (You found it on level 7 of Tartarus)
107178 | Tar:7    | Identified the Compendium of Entrancing Changing
108195 | Tar:7    | Noticed Ereshkigal
108245 | Tar:7    | Killed Ereshkigal
108287 | Tar:7    | Got a bone rune of Zot
108482 | Dis:1    | Entered Level 1 of the Iron City of Dis
108970 | Dis:6    | Gained mutation: Your body sometimes deteriorates upon taking damage. [mutagenic glow]
108997 | Dis:6    | Gained mutation: You are weak. (Str -2) [mutagenic glow]
109760 | Dis:6    | Reached skill level 27 in Maces & Flails
109937 | Dis:7    | Entered Level 7 of the Iron City of Dis
109958 | Dis:7    | Noticed Execuda's ghost (legendary GrBe)
109979 | Dis:7    | Killed Execuda's ghost
111369 | Dis:7    | Got a clouded golden amulet
111370 | Dis:7    | Identified the amulet "Ysumomov" {+Rage Str+5} (You took it off an iron imp on level 7 of the Iron City of Dis)
111388 | Dis:7    | Got a transparent tin ring
111394 | Dis:7    | Got a heavily runed cloak
111406 | Dis:7    | Identified the +0 cloak of Inevitability {rCorr Str+2 Dex+6} (You acquired it on level 7 of the Iron City of Dis)
111454 | Dis:7    | Identified the ring "Waffol" {rCorr rPois rF+ Str-4 Int+3} (You took it off an iron imp on level 7 of the Iron City of Dis)
111749 | Dis:7    | Identified the Incunabulum of the Twisted Glacier
111755 | Dis:7    | Learned a level 4 spell: Passage of Golubria
112040 | Dis:7    | Gained mutation: Your spells are a little easier to cast, but a little less powerful. [a cacodemon]
112368 | Dis:7    | Noticed the Serpent of Hell
112395 | Dis:7    | Killed the Serpent of Hell
112460 | Dis:7    | Gained mutation: Your body often deteriorates upon taking damage. [a cacodemon]
112462 | Dis:7    | Gained mutation: You expend magic power (3 MP) to strengthen your wands. [a cacodemon]
112603 | Dis:7    | Noticed Dispater
112639 | Dis:7    | Killed Dispater
112698 | Dis:7    | Gained mutation: Your spells are easier to cast, but less powerful. [mutagenic glow]
112724 | Dis:7    | Got an iron rune of Zot
112756 | Dis:7    | Gained mutation: You are frail. (-10% HP) [mutagenic glow]
113579 | Slime:1  | Entered Level 1 of the Pits of Slime
114602 | Slime:3  | Found a viscous altar of Jiyva.
115097 | Slime:5  | Entered Level 5 of the Pits of Slime
115294 | Slime:4  | Noticed lupus83's ghost (veteran GrFi)
115294 | Slime:4  | Gained mutation: Your magical capacity is extremely low. (-30% MP) [a shining eye]
115300 | Slime:4  | Gained mutation: You are clumsy. (Dex -2) [a shining eye]
115308 | Slime:4  | Killed lupus83's ghost
115311 | Slime:4  | Gained mutation: You are very weak. (Str -4) [a shining eye]
115312 | Slime:4  | Gained mutation: Scrolls take you a little longer to read. [a shining eye]
115690 | Slime:5  | Gained mutation: You occasionally shout uncontrollably at your foes. [a shining eye]
115705 | Slime:5  | Found a viscous altar of Jiyva.
115771 | Slime:5  | Noticed the Royal Jelly
115788 | Slime:5  | Killed the Royal Jelly
115830 | Slime:5  | Got a steaming steel ring
115860 | Slime:5  | Identified the Almanac of Torrid Clay
115918 | Slime:5  | Got a slimy rune of Zot
115938 | Slime:5  | Identified the cursed ring of Yfae {Str+8 Slay-4} (You found it on level 5 of the Pits of Slime)
115952 | Slime:5  | Got a twitching bronze ring
115953 | Slime:5  | Identified the ring "Xoumaewk" {rPois rC+ Dex+2 Stlth-} (You found it on level 5 of the Pits of Slime)
115963 | Slime:5  | Got a transparent tin ring
115964 | Slime:5  | Identified the ring of Day {rPois rF- rN+++ Stlth+} (You found it on level 5 of the Pits of Slime)
115975 | Slime:5  | Got a slimy pewter amulet
115978 | Slime:5  | Identified the amulet "Viecewoze" {Inacc rPois rC- Dex+3} (You found it on level 5 of the Pits of Slime)
116061 | Slime:2  | Gained mutation: Potions and wands are less effective at restoring your health. [a shining eye]
116063 | Slime:2  | Gained mutation: You are very frail. (-20% HP) [a shining eye]
116067 | Slime:2  | Gained mutation: You are extremely frail. (-30% HP) [a shining eye]
116508 | Vaults:1 | Lost mutation: You often lose your temper in combat. [potion of mutation]
116508 | Vaults:1 | Lost mutation: You are extremely frail. (-30% HP) [potion of mutation]
116690 | Elf:2    | Lost mutation: Your magical capacity is extremely low. (-30% MP) [potion of mutation]
117402 | Depths:4 | Bought a potion of mutation for 32 gold pieces
117403 | Depths:4 | Lost mutation: You occasionally shout uncontrollably at your foes. [potion of mutation]
117714 | Temple   | Fell from the grace of the Shining One
117714 | Temple   | Became a worshipper of Zin the Law-Giver
117714 | Temple   | Reached * piety under Zin
117714 | Temple   | Reached ** piety under Zin
117714 | Temple   | Reached *** piety under Zin
117714 | Temple   | Reached **** piety under Zin
117714 | Temple   | Reached ***** piety under Zin
117969 | Depths:1 | Voluntarily entered the Abyss.
118265 | Abyss:1  | Noticed an ancient lich
118274 | Abyss:1  | Killed an ancient lich
119307 | Abyss:2  | Reached ****** piety under Zin
120235 | Depths:1 | Escaped the Abyss
120254 | Depths:1 | Received a gift from Zin
120254 | Depths:1 | Lost mutation: You tend to lose your temper in combat. [Zin's power]
120254 | Depths:1 | Lost mutation: Scrolls take you a little longer to read. [Zin's power]
120254 | Depths:1 | Lost mutation: You are clumsy. (Dex -2) [Zin's power]
120254 | Depths:1 | Lost mutation: Your body often deteriorates upon taking damage. [Zin's power]
120254 | Depths:1 | Lost mutation: Your body sometimes deteriorates upon taking damage. [Zin's power]
120254 | Depths:1 | Lost mutation: You are very frail. (-20% HP) [Zin's power]
120254 | Depths:1 | Lost mutation: You are frail. (-10% HP) [Zin's power]
120254 | Depths:1 | Lost mutation: Your magical capacity is very low. (-20% MP) [Zin's power]
120254 | Depths:1 | Lost mutation: Your magical capacity is low. (-10% MP) [Zin's power]
120254 | Depths:1 | Lost mutation: Your natural rate of healing is unusually fast. [Zin's power]
120254 | Depths:1 | Lost mutation: You are very weak. (Str -4) [Zin's power]
120254 | Depths:1 | Lost mutation: You are weak. (Str -2) [Zin's power]
120254 | Depths:1 | Lost mutation: Potions and wands are less effective at restoring your health. [Zin's power]
120254 | Depths:1 | Lost mutation: Your spells are easier to cast, but less powerful. [Zin's power]
120254 | Depths:1 | Lost mutation: Your spells are a little easier to cast, but a little less powerful. [Zin's power]
120254 | Depths:1 | Lost mutation: You expend magic power (3 MP) to strengthen your wands. [Zin's power]
120791 | Tomb:2   | Noticed a greater mummy
120791 | Tomb:2   | Noticed a greater mummy
120791 | Tomb:2   | Noticed a greater mummy
120802 | Tomb:2   | Noticed a greater mummy
120892 | Tomb:1   | Killed a greater mummy
120906 | Tomb:1   | Killed a greater mummy
121564 | Tomb:1   | Killed a greater mummy
121986 | Tomb:2   | Killed a greater mummy
122299 | Tomb:1   | Noticed a greater mummy
122302 | Tomb:1   | Noticed a greater mummy
122308 | Tomb:1   | Killed a greater mummy
122320 | Tomb:1   | Killed a greater mummy
122494 | Tomb:1   | Noticed a greater mummy
122504 | Tomb:1   | Killed a greater mummy
122802 | Tomb:1   | Noticed a greater mummy
122813 | Tomb:1   | Killed a greater mummy
122819 | Tomb:1   | Noticed a greater mummy
122828 | Tomb:1   | Killed a greater mummy
123049 | Tomb:1   | Noticed a greater mummy
123056 | Tomb:1   | Killed a greater mummy
123057 | Tomb:1   | Noticed a greater mummy
123059 | Tomb:1   | Killed a greater mummy
123090 | Tomb:1   | Noticed a greater mummy
123101 | Tomb:1   | Killed a greater mummy
123118 | Tomb:1   | Noticed a greater mummy
123125 | Tomb:1   | Noticed a greater mummy
123695 | Tomb:1   | Killed a greater mummy
123763 | Tomb:1   | Killed a greater mummy
123804 | Tomb:1   | Noticed a greater mummy
123807 | Tomb:1   | Noticed a greater mummy
123814 | Tomb:1   | Killed a greater mummy
124157 | Tomb:1   | Noticed a greater mummy
124164 | Tomb:1   | Noticed a greater mummy
124167 | Tomb:1   | Killed a greater mummy
124176 | Tomb:1   | Killed a greater mummy
124199 | Tomb:1   | Killed a greater mummy
124216 | Tomb:1   | Noticed a greater mummy
124220 | Tomb:1   | Killed a greater mummy
124526 | Tomb:1   | Noticed a greater mummy
124530 | Tomb:1   | Noticed a greater mummy
124540 | Tomb:1   | Killed a greater mummy
125095 | Tomb:1   | Killed a greater mummy
125338 | Tomb:1   | Noticed a greater mummy
125346 | Tomb:1   | Killed a greater mummy
125949 | Tomb:3   | Entered Level 3 of the Tomb of the Ancients
125971 | Tomb:3   | Noticed a greater mummy
125976 | Tomb:3   | Noticed a greater mummy
126234 | Tomb:3   | Noticed a greater mummy
126806 | Tomb:3   | Noticed a greater mummy
127492 | Tomb:2   | Killed a greater mummy
127861 | Tomb:2   | Killed a greater mummy
128101 | Tomb:2   | Killed a greater mummy
128451 | Tomb:3   | Noticed a greater mummy
128459 | Tomb:3   | Noticed a greater mummy
128825 | Tomb:3   | Noticed a greater mummy
128834 | Tomb:2   | Killed a greater mummy
129172 | Tomb:2   | Killed a greater mummy
129195 | Tomb:2   | Killed a greater mummy
129420 | Tomb:3   | Killed a greater mummy
129490 | Tomb:3   | Noticed a greater mummy
129500 | Tomb:3   | Killed a greater mummy
129594 | Tomb:3   | Got a golden rune of Zot
129603 | Tomb:3   | Noticed a greater mummy
129616 | Tomb:3   | Killed a greater mummy
129929 | Tomb:3   | Identified the ring of Pidinne {*Drain rC+ Str+5 Stlth-} (You found it on level 3 of the Tomb of the Ancients)
130097 | Tomb:3   | Identified the Collected Works on the Spatial Snowflakes
130284 | Tomb:3   | Got a faintly glowing quick blade
130286 | Tomb:3   | Identified the cursed +3 quick blade "Fiomuph" {drain, *Noise +Rage MR+ Dex+4} (You found it on level 3 of the Tomb of the Ancients)
131424 | Depths:2 | Bought a scroll of enchant armour for 360 gold pieces
131604 | Orc:2    | Bought a scroll of enchant weapon for 165 gold pieces
132341 | Geh:1    | Entered Level 1 of Gehenna
132848 | Geh:1    | Reached skill level 27 in Invocations
134034 | Geh:7    | Entered Level 7 of Gehenna
134460 | Geh:7    | Got a steaming bone amulet
134462 | Geh:7    | Identified the amulet "Diaw" {*Contam rElec Regen+ Int+4 Dex+3} (You took it off a crimson imp on level 7 of Gehenna)
136696 | Geh:7    | Noticed Asmodeus
136722 | Geh:7    | Killed Asmodeus
136744 | Geh:7    | Got an obsidian rune of Zot
137159 | Temple   | Fell from the grace of Zin
137159 | Temple   | Became a worshipper of the Shining One
137403 | Depths:1 | Voluntarily entered the Abyss.
137462 | Abyss:1  | Found a blossoming altar of Fedhas.
138046 | Abyss:2  | Found a corrupted altar of Lugonu.
138156 | Abyss:2  | Paralysed by accursed screaming for 1 turns
138256 | Abyss:2  | Gained mutation: You are covered in fur. (AC +1) [potion of beneficial mutation]
138257 | Abyss:2  | Gained mutation: You are partially covered in slimy green scales. (AC +2) [potion of beneficial mutation]
138328 | Abyss:2  | Gained mutation: Your body sometimes deteriorates upon taking damage. [a neqoxec]
138705 | Abyss:2  | Paralysed by accursed screaming for 1 turns
139589 | Abyss:2  | Found a corrupted altar of Lugonu.
139641 | Abyss:2  | Paralysed by accursed screaming for 1 turns
140115 | Depths:1 | Escaped the Abyss
140141 | Zig:1    | Entered Level 1 of a ziggurat
140165 | Zig:2    | Entered Level 2 of a ziggurat
140166 | Zig:2    | Noticed Oqan the pandemonium lord
140179 | Zig:2    | Killed Oqan the pandemonium lord
140250 | Zig:3    | Entered Level 3 of a ziggurat
140280 | Zig:3    | Got a bound tin ring
140283 | Zig:3    | Identified the ring "Peska" {Fire rElec rN++ Int+4 Stlth-} (You found it on level 3 of a ziggurat)
140290 | Zig:4    | Entered Level 4 of a ziggurat
140295 | Zig:4    | Noticed Patof the pandemonium lord
140312 | Zig:4    | Killed Patof the pandemonium lord
140370 | Zig:5    | Entered Level 5 of a ziggurat
140449 | Zig:6    | Entered Level 6 of a ziggurat
140491 | Zig:6    | Got fine pearl dragon scales
140502 | Zig:6    | Identified the +3 pearl dragon scales of Xaen {-Tele rPois rF+++ rN+ Dex-3} (You acquired it on level 6 of a ziggurat)
140526 | Zig:6    | Gained mutation: You are covered in thick fur. (AC +2) [potion of beneficial mutation]
140550 | Zig:7    | Entered Level 7 of a ziggurat
140630 | Zig:8    | Entered Level 8 of a ziggurat
140730 | Zig:8    | Got a twitching golden ring
140732 | Zig:8    | Identified the ring "Qokhle" {rElec rN+ Str+3 Dex+3 SInv} (You found it on level 8 of a ziggurat)
140755 | Zig:9    | Entered Level 9 of a ziggurat
140866 | Zig:9    | Identified the amulet of the Yeti {Inacc rElec rPois rN+ Int+2} (You found it on level 9 of a ziggurat)
140971 | Zig:10   | Entered Level 10 of a ziggurat
140982 | Zig:10   | Paralysed by a floating eye for 4 turns
140987 | Zig:10   | Paralysed by a floating eye for 3 turns
141048 | Zig:10   | Identified the ring "Canoicydy" {rC- rN++ MP+9 Str+8} (You found it on level 10 of a ziggurat)
141162 | Zig:11   | Entered Level 11 of a ziggurat
141177 | Zig:11   | Noticed Hopniharph the pandemonium lord
141184 | Zig:11   | Reached skill level 1 in Polearms
141205 | Zig:11   | Killed Hopniharph the pandemonium lord
141264 | Zig:12   | Entered Level 12 of a ziggurat
141652 | Zig:13   | Entered Level 13 of a ziggurat
141670 | Zig:13   | Gained mutation: You are dopey. (Int -2) [a cacodemon]
141679 | Zig:13   | Noticed Wameah the pandemonium lord
141695 | Zig:13   | Reached skill level 10 in Polearms
141699 | Zig:13   | Killed Wameah the pandemonium lord
142882 | Zig:1    | Entered Level 1 of a ziggurat
142897 | Zig:2    | Entered Level 2 of a ziggurat
142922 | Zig:3    | Entered Level 3 of a ziggurat
142966 | Zig:4    | Entered Level 4 of a ziggurat
143045 | Zig:5    | Entered Level 5 of a ziggurat
143088 | Zig:5    | Got a jewelled cloak
143099 | Zig:5    | Identified the +1 cloak of the Country {rElec rC+ MR- Str+6} (You found it on level 5 of a ziggurat)
143130 | Zig:6    | Entered Level 6 of a ziggurat
143207 | Zig:7    | Entered Level 7 of a ziggurat
143267 | Zig:7    | Identified Sif Muna's Volume of Hexes and Transmigration
143431 | Zig:8    | Entered Level 8 of a ziggurat
143494 | Zig:8    | Identified the Reference Book on Evil
143604 | Zig:9    | Entered Level 9 of a ziggurat
143614 | Zig:9    | Noticed Heop the pandemonium lord
143627 | Zig:9    | Killed Heop the pandemonium lord
143700 | Zig:9    | Identified the Papyrus of Shape Shifting
143717 | Zig:10   | Entered Level 10 of a ziggurat
143805 | Zig:10   | Identified Sif Muna's Grimoire of Companions and Transmutation
144015 | Zig:11   | Entered Level 11 of a ziggurat
144122 | Zig:11   | Identified the amulet of Kyuthran {Harm *Drain rElec rPois rN+++ Stlth-} (You found it on level 11 of a ziggurat)
144144 | Zig:12   | Entered Level 12 of a ziggurat
144153 | Zig:12   | Noticed a greater mummy
144157 | Zig:12   | Noticed a greater mummy
144160 | Zig:12   | Killed a greater mummy
144162 | Zig:12   | Noticed a greater mummy
144171 | Zig:12   | Noticed a greater mummy
144205 | Zig:12   | Killed a greater mummy
144208 | Zig:12   | Killed a greater mummy
144210 | Zig:12   | Killed a greater mummy
145492 | Depths:5 | Voluntarily entered the Abyss.
145501 | Abyss:1  | Found a corrupted altar of Lugonu.
145530 | Abyss:1  | Found a corrupted altar of Lugonu.
145591 | Abyss:1  | Found a corrupted altar of Lugonu.
145622 | Abyss:1  | Found a hazy altar of Hepliaklqana.
145746 | Abyss:1  | Found a corrupted altar of Lugonu.
145824 | Depths:5 | Escaped the Abyss
146404 | Zot:5    | Noticed an ancient lich
146418 | Zot:5    | Killed an ancient lich
146515 | Zot:5    | Reached skill level 15 in Polearms
146658 | Zot:5    | Noticed an ancient lich
146664 | Zot:5    | Killed an ancient lich
146810 | Zot:5    | Noticed an orb of fire
146976 | Zot:5    | Gained mutation: Your magical capacity is low. (-10% MP) [an orb of fire]
146978 | Zot:5    | Gained mutation: Scrolls take you a little longer to read. [an orb of fire]
146980 | Zot:5    | Gained mutation: You expend magic power (3 MP) to strengthen your wands. [an orb of fire]
146985 | Zot:5    | Killed an orb of fire
147010 | Zot:5    | Noticed an orb of fire
147024 | Zot:5    | Gained mutation: You occasionally shout uncontrollably at your foes. [an orb of fire]
147031 | Zot:5    | Killed an orb of fire
147031 | Zot:5    | Reached skill level 27 in Shields
147394 | Zot:5    | Noticed an orb of fire
147412 | Zot:5    | Gained mutation: You are clumsy. (Dex -2) [an orb of fire]
147414 | Zot:5    | Killed an orb of fire
147760 | Zot:5    | Lost mutation: You occasionally shout uncontrollably at your foes. [potion of cure mutation]
147760 | Zot:5    | Lost mutation: Your magical capacity is low. (-10% MP) [potion of cure mutation]
147760 | Zot:5    | Lost mutation: You are clumsy. (Dex -2) [potion of cure mutation]
147760 | Zot:5    | Lost mutation: Scrolls take you a little longer to read. [potion of cure mutation]
147765 | Zot:5    | Got the Orb of Zot
148130 | D:15     | Noticed Fiutt the pandemonium lord
148137 | D:15     | Killed Fiutt the pandemonium lord
148162 | D:14     | Noticed Isoevucs the pandemonium lord
148483 | D:$      | Escaped with the Orb!

Skill      XL: |  1  2  3  4  5  6  7  8  9 10 11 12 13 14 15 16 17 18 19 20 21 22 23 24 25 26 27 |
---------------+----------------------------------------------------------------------------------+-----
Maces & Flails | 3 4 5 6 8 9 12 13 14 16 27 | 27.0
Fighting       | 6 11 12 14 17 19 21 23 25 27 | 27.0
Invocations    | 1 3 6 9 27 | 27.0
Shields        | 6 9 11 13 14 15 27 | 27.0
Dodging        | 7 11 13 14 15 16 17 18 20 27 | 27.0
Armour         | 2 6 9 11 12 13 14 15 16 17 18 27 | 27.0
Evocations     | 7 12 15 22 | 22.9
Polearms       | 19 | 19.0

Action                   |  1- 3 |  4- 6 |  7- 9 | 10-12 | 13-15 | 16-18 | 19-21 | 22-24 | 25-27 || total
-------------------------+-------+-------+-------+-------+-------+-------+-------+-------+-------++-------
Melee: Flail             |   106 |   315 |   306 |   814 |   523 |  2419 |  2419 |  1314 |  1286 ||  9502
       Eveningstar       |       |       |       |       |  1047 |       |   290 |   759 |  7665 ||  9761
       Giant club        |       |       |       |       |       |       |    12 |       |       ||    12
       Giant spiked club |       |       |       |       |       |       |     6 |       |       ||     6
       Sacred scourge    |       |       |       |       |       |       |       |       |  5966 ||  5966
       Lance             |       |       |       |       |       |       |       |       |   280 ||   280
       Great mace        |       |       |       |       |       |       |       |       |    59 ||    59
Invok: Heroism           |       |       |       |     4 |       |     1 |     1 |       |     3 ||     9
       Finesse           |       |       |       |       |     2 |     3 |     2 |     3 |     7 ||    17
       Cleansing Flame   |       |       |       |       |       |       |       |       |    26 ||    26
       Summon Divine War |       |       |       |       |       |       |       |       |    24 ||    24
       Vitalisation      |       |       |       |       |       |       |       |       |    23 ||    23
       Recite            |       |       |       |       |       |       |       |       |     5 ||     5
       Imprison          |       |       |       |       |       |       |       |       |     4 ||     4
       Divine Shield     |       |       |       |       |       |       |       |       |     2 ||     2
       Cure All Mutation |       |       |       |       |       |       |       |       |     1 ||     1
       Brand Weapon With |       |       |       |       |       |       |       |       |     1 ||     1
Evoke: Wand              |       |       |     1 |     4 |       |     5 |    11 |     4 |     8 ||    33
       Rod               |       |       |       |       |       |       |    12 |    28 |    82 ||   122
       Figurine of a zig |       |       |       |       |       |       |       |       |     1 ||     1
  Use: Scroll            |       |    10 |     2 |     7 |     9 |     7 |    19 |     7 |    52 ||   113
       Potion            |       |       |     2 |     2 |     2 |       |     6 |       |    29 ||    41
 Stab: Distracted        |       |       |     1 |       |       |     2 |       |       |     6 ||     9
       Paralysed         |       |       |       |       |       |     3 |       |       |     2 ||     5
       Confused          |       |       |       |       |       |       |       |       |     2 ||     2
       Petrifying        |       |       |       |       |       |       |       |       |     1 ||     1
  Eat: Chunk             |     2 |     8 |    11 |    23 |    34 |    29 |    40 |    30 |   130 ||   307
       Meat ration       |       |     1 |     1 |     1 |     1 |     2 |     2 |     2 |    23 ||    33
       Royal jelly       |       |       |       |       |       |       |     1 |       |     5 ||     6
       Pizza             |       |       |       |       |       |       |       |       |    14 ||    14
       Fruit             |       |       |       |       |       |       |       |       |    12 ||    12
       Bread ration      |       |       |       |       |       |       |       |       |     8 ||     8
       Beef jerky        |       |       |       |       |       |       |       |       |     7 ||     7
Armor: Robe              |    26 |    84 |    67 |    72 |    16 |       |       |       |       ||   265
       Storm dragon scal |       |       |       |       |   360 |   642 |   688 |   575 |  2377 ||  4642
       Skin              |       |       |       |       |       |       |       |       |     5 ||     5
       Gold dragon scale |       |       |       |       |       |       |       |       |   387 ||   387
Dodge: Dodged            |    38 |    97 |    65 |   234 |   467 |   803 |   961 |   896 |  5210 ||  8771
Block: Shield            |    53 |   130 |    96 |   304 |   183 |       |       |       |       ||   766
       Large shield      |       |       |       |       |  1108 |  2413 |  2523 |  2035 | 17271 || 25350
       Reflection        |       |       |       |       |    39 |   243 |   131 |    77 |   393 ||   883
